 Dungeon Crawl Stone Soup version 0.32-a0-720-g1d96ad090f (webtiles) character file.

Game seed: 11215898738595733026

224 Ajdolov the Shooter (level 6, -1/48 HPs)
             Began as a Ghoul Hunter on Mar 16, 2024.
             Slain by an ogre
             ... wielding a +0 giant club
              (24 damage)
             ... on level 4 of the Dungeon.
             The game lasted 00:04:59 (2824 turns).

Ajdolov the Shooter (Ghoul Hunter)                  Turns: 2824, Time: 00:05:00

Health: -1/48      AC:  4    Str: 15    XL:     6   Next: 0%
Magic:  6/6        EV: 10    Int:  8    God:
Gold:   174        SH:  0    Dex: 14    Spells: 5/5 levels left

rFire   . . .        a - +0 shortbow
rCold   + . .        (shield currently unavailable)
rNeg    + + +        c - +0 leather armour
rPois   ∞            j - +0 helmet
rElec   .            (no cloak)
rCorr   .            (no gloves)
SInv    +            (no boots)
Will    .....        (no amulet)
Stlth   +            n - ring of see invisible
HPRegen 0.00/turn    (no ring)
MPRegen 0.10/turn

%: no passive effects
@: inhibited regen
A: claws 1, cold resistance 1, negative energy resistance 3, inhibited
regeneration, torment resistance 2, devour on kill
a: no special abilities


You were on level 4 of the Dungeon.
You visited 1 branch of the dungeon, and saw 4 of its levels.

You collected 174 gold pieces.

Inventory:

Hand Weapons
 a - a +0 shortbow (weapon)
Armour
 c - a +0 leather armour (worn)
 j - a +0 helmet (worn)
Jewellery
 f - a +6 ring of intelligence
 n - a ring of see invisible (left claw)
 o - a ring of protection from cold
Scrolls
 b - a scroll of butterflies
 d - a scroll of blinking {unknown}
 e - a scroll of immolation {unknown}
 h - 3 scrolls of revelation {unknown}
 i - 4 scrolls of identify {unknown}
 p - a scroll of noise {unknown}
 r - a scroll of poison {unknown}
Potions
 g - 2 potions of curing {unknown}
 k - 2 potions of cancellation {unknown}
 l - a potion of heal wounds {unknown}
 m - a potion of haste {unknown}
 q - a potion of enlightenment {unknown}
 s - a potion of mutation {unknown}


   Skills:
 - Level 2.1 Fighting
 * Level 6.4 Ranged Weapons
 - Level 1.7 Dodging
 - Level 1.1 Stealth


You had 5 spell levels left.
You didn't know any spells.
Your spell library contained the following spells:

 Spells                   Type           Power      Damage    Failure   Level
 Necrotise                Necr           0%         1d4       47%         1
 Mercury Vapours          Alch/Air       0%         N/A       63%         2
 Mephitic Cloud           Conj/Alch/Air  0%         N/A       85%         3
 Vampiric Draining        Necr           0%         2d6       85%         3
 Martyr's Knell           Necr/Summ      0%         N/A       99%         4
 Curse of Agony           Necr           0%         N/A       100%        5
 Freezing Cloud           Conj/Ice/Air   0%         6-21      100%        5


Dungeon Overview and Level Annotations

Branches:
Dungeon (4/15)
 Temple: D:4-7

Altars:

Shops:
D:1 =

Annotations:
D:2 1 runed translucent door, Crazy Yiuf


Innate Abilities, Weirdness & Mutations

You are immune to poison.
You have sharp fingernails.
Your flesh is cold resistant. (rC+)
You are immune to negative energy. (rN+++)
You do not regenerate when monsters are visible.
You are immune to unholy pain and torment.
You thrive by killing the living.


Message History

You hear a shout!
An ogre comes into view. It is wielding a +0 giant club.
You shoot an arrow.
The arrow hits the endoplasm but does no damage.
The endoplasm is heavily wounded.
The endoplasm hits you but does no damage.
The ogre attacks as it pursues you! The ogre completely misses you.
There is a stone staircase leading down here.
You see here a +0 dagger.
Items here: ))) [[[ †.
You shoot an arrow. The arrow hits the plant.
The plant begins to die.
The plant is lightly damaged.
You shoot an arrow. The arrow hits the ogre.
The ogre is lightly wounded.
The ogre hits you with a +0 giant club!
You shoot an arrow. The arrow hits the ogre.
The ogre is lightly wounded.
The ogre hits you with a +0 giant club!
You shoot an arrow. The arrow hits the ogre!
The ogre is heavily wounded.
A nearby plant withers and dies.
You shoot an arrow. The arrow hits the ogre.
The ogre is heavily wounded.
The ogre barely misses you.
You shoot an arrow. The arrow closely misses the ogre.
The arrow hits the plant.
The plant begins to die.
The plant is lightly damaged.
The ogre hits you with a +0 giant club.
You shoot an arrow.
The arrow hits the ogre but does no damage.
The ogre is heavily wounded.
The ogre closely misses you.
You shoot an arrow. The arrow hits the ogre.
The ogre is heavily wounded.
You shoot an arrow. The arrow hits the ogre.
The ogre is severely wounded.
A nearby plant withers and dies.
The ogre hits you with a +0 giant club!!
Ouch! That really hurt!
You die...

##############
#............#
#.####..####.#
#.####[.####.#
###.##......##.######
.......#..#.#..).)..#
##..####..#.#..####.#
##............P.@##.#
##.#########.PP♣O.#O#
...# #P.♣♣..#.# ...#
#.♣♣♣.P..# #J##
#...♣.#### #.#
#.....# #.# ##....##
#.# ##......# ..#
.##.#.##.##


You could see an ogre.

Vanquished Creatures
  2 orc priests
  A sleepcap (D:4)
  An orc wizard (D:4)
  Robin (D:2)
  2 adders
  2 dart slugs
  2 ribbon worms (D:2)
  9 orcs
  3 endoplasms
  10 goblins
  5 hobgoblins
  5 quokkas
  7 ball pythons
  8 bats
  5 kobolds
  2 rats
65 creatures vanquished.

Notes
Turn   | Place    | Note
-------+----------+-------------------------------------------
     0 | D:1      | Ajdolov the Ghoul Hunter began the quest for the Orb.
     0 | D:1      | Reached XP level 1. HP: 17/17 MP: 1/1
    16 | D:1      | Found Daop's Jewellery Boutique.
   350 | D:1      | Reached skill level 4 in Ranged Weapons
   350 | D:1      | Reached XP level 2. HP: 24/24 MP: 2/2
   549 | D:2      | Noticed Robin
   560 | D:2      | Killed Robin
   561 | D:2      | Reached XP level 3. HP: 22/29 MP: 3/3
  1555 | D:2      | Found a runed translucent door.
  1556 | D:2      | Noticed Crazy Yiuf
  1750 | D:3      | Reached skill level 5 in Ranged Weapons
  1750 | D:3      | Reached XP level 4. HP: 30/36 MP: 4/4
  2102 | D:3      | HP: 1/36 [orc/+0 morningstar (6)]
  2395 | D:3      | Reached XP level 5. HP: 41/41 MP: 5/5
  2616 | D:4      | Reached skill level 6 in Ranged Weapons
  2760 | D:4      | Reached XP level 6. HP: 47/48 MP: 6/6
  2824 | D:4      | Slain by an ogre

Illustrated notes

Levels and vault maps discovered:
D:1:      nzn_arrival_settlement, layout_basic, serial_shops, shop
D:2:      layout_basic, nicolae_kite_square_tiling_tiny,
          uniq_crazy_yiuf_cottage, uniq_robin
D:3:      layout_rooms
D:4:      layout_loops_cross, serial_forest, infiniplex_forest_side_room,
          infiniplex_forest_clump_long, infiniplex_forest_end_1,
          infiniplex_forest_clump_small, infiniplex_forest_lined_2,
          dreamdust_wishing_well, minmay_close_crescents

Skill      XL: |  1  2  3  4  5 |
---------------+----------------+-----
Ranged Weapons | 4 5 6 |  6.4
Fighting       | |  2.1
Dodging        | |  1.7
Stealth        | |  1.1

Action                     |  1- 3 |  4- 6 || total
---------------------------+-------+-------++-------
   Fire: Shortbow          |   150 |   138 ||   288
 Armour: Leather armour    |    42 |    40 ||    82
  Dodge: Dodged            |    41 |    32 ||    73

Table legend: (Time is in decaauts)
 A = Elapsed time spent in this place.
 B = Non-inter-level travel time spent in this place.
 C = Inter-level travel time spent in this place.
 D = Time resting spent in this place.
 E = Time spent auto-exploring this place.
 F = Levels seen in this place.
 G = Mean time per level.
                   A        B        C        D        E       F      G
               +--------+--------+--------+--------+--------+-----+--------+
         Total |   2874 |   2778 |     96 |    375 |   1711 |   4 |  718.5 |
       Dungeon |   2874 |   2778 |     96 |    375 |   1711 |   4 |  718.5 |
               +--------+--------+--------+--------+--------+-----+--------+

Top non-repeatable levels by time:
     D:2: 1204 daAuts
     D:3: 638 daAuts
     D:1: 623 daAuts
     D:4: 407 daAuts
